 Dungeon Crawl Stone Soup version 0.23-a0-85-g22930c1 (webtiles) character file.

99 digijack the Skirmisher (level 4, -3/37 HPs)
             Began as a Demonspawn Monk on Aug 13, 2018.
             Killed from afar by Natasha (9 damage)
             ... with a magic dart
             ... on level 2 of the Dungeon.
             The game lasted 00:15:32 (1692 turns).

digijack the Skirmisher (Demonspawn Monk)           Turns: 1692, Time: 00:15:33

Health: -3/37      AC:  3    Str: 11    XL:     4   Next: 45%
Magic:  4/4        EV: 14    Int: 16    God:
Gold:   64         SH:  0    Dex: 16    Spells: 3/3 levels left

rFire    . . .     SeeInvis .   a - +0 falchion
rCold    + . .     Gourm    .   (no shield)
rNeg     . . .     Faith    .   b - +0 robe
rPois    .         Spirit   .   f - +0 helmet
rElec    .         Reflect  .   (no cloak)
rCorr    .         Harm     .   (no gloves)
MR       .....                  (no boots)
Stlth    ++........             (no amulet)
HPRegen  0.12/turn              (no ring)
MPRegen  0.09/turn              (no ring)

@: slowed, very slow
A: claws 2, clever 2, cold resistance 1, powered by death 1
a: no special abilities


You were on level 2 of the Dungeon.
You were not hungry.

You visited 1 branch of the dungeon, and saw 2 of its levels.

You collected 64 gold pieces.

Inventory:

Hand Weapons
 a - a +0 falchion (weapon)
Missiles
 e - 55 stones (quivered)
Armour
 b - a +0 robe (worn)
 f - a +0 helmet (worn)
Scrolls
 h - 2 scrolls of identify
Potions
 d - a potion of mutation
Comestibles
 c - 3 rations
 g - 3 chunks of flesh


   Skills:
 + Level 3.9 Fighting
 + Level 3.5 Long Blades
 + Level 3.5 Dodging
 - Level 1.7 Stealth


You had 3 spell levels left.
You didn't know any spells.
Your spell library was empty.

Dungeon Overview and Level Annotations

Branches:
Dungeon (2/15)

Altars:

Annotations:
D:2 Natasha


Innate Abilities, Weirdness & Mutations

You have very sharp fingernails.
You regenerate a little health from kills.
Your mind is very acute. (Int +4)
Your flesh is cold resistant. (rC+)


Message History

Natasha stares at you and mumbles some strange words.
You resist with some effort.
You barely miss Natasha. Natasha barely misses you.
You hit Natasha.
Natasha is heavily wounded.
Natasha claws you!
* * * LOW HITPOINT WARNING * * *
You hit Natasha but do no damage.
Natasha is heavily wounded.
Natasha claws you.
* * * LOW HITPOINT WARNING * * *
You miss Natasha.
Natasha is heavily wounded.
Natasha stares at you and mumbles some strange words.
You feel yourself slow down.
You barely miss Natasha.
Natasha is heavily wounded.
Natasha casts a spell at you. The magic dart hits you!
You die...

#.# #.#
###########
#.#
#..........#
#.#
##....((....#
#.#
'.....(....#
#.#
#..........#
#.#
#.h........#
#.#
#.@........#
#.#
#..........#
#.#
#..........#
#.#
###รท########
#.# #.# #.#
#.# #.#
#)###### #.#
#......# #.#
######.# #.#


You could see Natasha.

Vanquished Creatures
  Natasha (D:2)
  2 adders (D:2)
  An ooze (D:2)
  2 dart slugs
  4 leopard geckos
  4 bats (D:1)
  A giant cockroach (D:1)
  5 goblins
  4 hobgoblins (D:1)
  3 jackals (D:2)
  9 kobolds
  A quokka (D:2)
  3 frilled lizards (D:1)
  2 rats (D:1)
42 creatures vanquished.

Notes
Turn   | Place    | Note
-------+----------+-------------------------------------------
     0 | D:1      | digijack the Demonspawn Monk began the quest for the Orb.
     0 | D:1      | Reached XP level 1. HP: 18/18 MP: 1/1
   175 | D:1      | Gained mutation: You have sharp fingernails. [demonic ancestry]
   175 | D:1      | Reached XP level 2. HP: 22/24 MP: 2/2
   674 | D:1      | Gained mutation: Your mind is acute. (Int +2) [potion of mutation]
   674 | D:1      | Gained mutation: Your mind is very acute. (Int +4) [potion of mutation]
   674 | D:1      | Gained mutation: Your flesh is cold resistant. (rC+) [potion of mutation]
   865 | D:1      | Gained mutation: You regenerate a little health from kills. [demonic ancestry]
   865 | D:1      | Reached XP level 3. HP: 29/29 MP: 3/3
  1547 | D:2      | Gained mutation: You have very sharp fingernails. [demonic ancestry]
  1547 | D:2      | Reached XP level 4. HP: 36/37 MP: 4/4
  1644 | D:2      | Noticed Natasha
  1664 | D:2      | Killed Natasha
  1684 | D:2      | Noticed Natasha
  1692 | D:2      | Killed from afar by Natasha

Vault maps used:
D:1:      roderic_dead_forest, minivault_23
D:2:      first_ration, kennysheep_generic_room_3, uniq_natasha

Skill      XL: |  1  2 |
---------------+-------+-----
Long Blades    | 3 |  3.5
Dodging        | 3 |  3.5
Fighting       | |  3.9
Stealth        | |  1.7

Action                   |  1- 3 |  4- 6 || total
-------------------------+-------+-------++-------
Melee: Falchion          |   113 |    39 ||   152
Throw: Stone             |       |     3 ||     3
  Use: Potion            |     5 |       ||     5
       Scroll            |     3 |       ||     3
 Stab: Sleeping          |     8 |       ||     8
  Eat: Chunk             |     2 |     1 ||     3
Armor: Robe              |    17 |     6 ||    23
Dodge: Dodged            |    75 |    33 ||   108
       Rpst.: Falchion   |    34 |     9 ||    43

Table legend:
 A = Non-vault XP
 B = Vault XP
 C = Vault XP percentage of total XP
 D = Non-vault monster count
 E = Vault monster count
 F = Vault count percentage of total count
 G = Total turns spent on level
                 A         B        C        D         E       F
            +---------+---------+-------+---------+---------+-------
      Total |     107 |      35 |  24.6 |      41 |       1 |   2.4
            +---------+---------+-------+---------+---------+-------
        D:1 |      45 |       0 |   0.0 |      25 |       0 |   0.0
        D:2 |      62 |      35 |  36.1 |      16 |       1 |   5.9
            +---------+---------+-------+---------+---------+-------
